 Dungeon Crawl Stone Soup version 0.23-a0-180-ga5275e7 (webtiles) character file.

38 Gildeon the Digger (level 3, -1/19 HPs)
             Began as a Gargoyle Earth Elementalist on Sept 18, 2018.
             Slain by Sigmund
             ... wielding a +1 scythe of flaming
              (3 damage)
             ... on level 2 of the Dungeon.
             The game lasted 00:10:43 (1180 turns).

Gildeon the Digger (Gargoyle Earth Elementalist)    Turns: 1180, Time: 00:10:44

Health: -1/19      AC:  5    Str: 11    XL:     3   Next: 43%
Magic:  2/7        EV: 12    Int: 16    God:
Gold:   77         SH:  0    Dex: 10    Spells: 1/7 levels left

rFire    . . .     SeeInvis .   e - +0 club
rCold    . . .     Gourm    .   (no shield)
rNeg     + . .     Faith    .   c - +0 robe
rPois    ∞         Spirit   .   (no helmet)
rElec    +         Reflect  .   (no cloak)
rCorr    .         Harm     .   (no gloves)
MR       .....                  (no boots)
Stlth    ++........             (no amulet)
HPRegen  0.06/turn              (no ring)
MPRegen  0.10/turn              (no ring)

@: no status effects
A: negative energy resistance 1, electricity resistance, unbreathing,
petrification resistance, rot immunity, AC +3
a: no special abilities


You were on level 2 of the Dungeon.
You were not hungry.

You visited 1 branch of the dungeon, and saw 2 of its levels.

You collected 77 gold pieces.

Inventory:

Hand Weapons
 e - a +0 club (weapon)
Missiles
 b - 37 stones (quivered)
 i - 39 sling bullets
Armour
 c - a +0 robe (worn)
Wands
 j - a wand of polymorph (13)
Scrolls
 g - a scroll of magic mapping {unknown}
 h - a scroll of remove curse
Comestibles
 a - 4 chunks of flesh
 d - 2 rations


   Skills:
 - Level 1.5 Dodging
 - Level 2.1 Stealth
 + Level 2.8 Spellcasting
 + Level 0.4 Conjurations
 - Level 0.7 Transmutations
 + Level 4.5 Earth Magic


You had one spell level left.
You knew the following spells:

 Your Spells              Type           Power        Failure   Level  Hunger
a - Sandblast             Erth           ###...       3%          1    #......
b - Passwall              Tmut/Erth      ##......     10%         2    ##.....
c - Stone Arrow           Conj/Erth      ##....       22%         3    ###....

Your spell library contained the following spells:

 Spells                   Type           Power        Failure   Level  Hunger
 Petrify                  Tmut/Erth      ##......     54%         4    #####..
 Lee's Rapid Deconstruct  Erth           ###.......   63%         5    ######.


Dungeon Overview and Level Annotations

Branches:
Dungeon (2/15)

Altars:

Annotations:
D:2 Sigmund


Innate Abilities, Weirdness & Mutations

You are resistant to torment.
Your stone body is resilient. (AC +3)
You are immune to poison.
You resist negative energy. (rN+)
You are resistant to electric shocks. (rElec)
You can survive without breathing.
You are immune to petrification.
You are immune to rotting.


Message History

Confirm with . or Enter, or press ? or * to list all spells.
Aiming: Sandblast (safe; 3% risk of failure)
Press: ? - help, Shift-Dir - straight line, f/p - Sigmund
Aim: Sigmund, wielding a scythe of flaming and wearing a glowing robe (lightly The blast of sand hits Sigmund.
Sigmund is moderately wounded.
b - 38 stones Sigmund barely misses you.
Casting: Sandblast (safe; 3% risk of failure)
Confirm with . or Enter, or press ? or * to list all spells.
Aiming: Sandblast (safe; 3% risk of failure)
Press: ? - help, Shift-Dir - straight line, f/p - Sigmund
Aim: Sigmund, wielding a scythe of flaming and wearing a glowing robe The blast of sand hits Sigmund.
Sigmund is severely wounded.
b - 37 stones Sigmund hits you with a scythe of flaming!
* * * LOW HITPOINT WARNING * * *
Sigmund burns you.
You die...

#.#
#####.##
#.# .#
###÷## #
#..#.#
#.#.##
#.####
#.##.##
#.#...####
#)@...^..+
#@#...####
#........##
#.###....#
#.#..#
#....#
##.#.# . .#
...#


You could see Sigmund.

Vanquished Creatures
  A leopard gecko (D:1)
  2 ball pythons (D:1)
  4 bats (D:1)
  8 goblins
  4 hobgoblins (D:1)
  7 kobolds
  A quokka (D:2)
  A frilled lizard (D:1)
  4 rats
32 creatures vanquished.

Notes
Turn   | Place    | Note
-------+----------+-------------------------------------------
     0 | D:1      | Gildeon the Gargoyle Earth Elementalist began the quest for
                  | the Orb.
     0 | D:1      | Reached XP level 1. HP: 10/10 MP: 3/3
   260 | D:1      | Reached skill level 4 in Earth Magic
   260 | D:1      | Reached XP level 2. HP: 15/15 MP: 3/5
   265 | D:1      | Learned a level 2 spell: Passwall
   660 | D:1      | Reached XP level 3. HP: 19/19 MP: 3/6
   672 | D:1      | Learned a level 3 spell: Stone Arrow
  1155 | D:2      | Noticed Sigmund
  1180 | D:2      | Slain by Sigmund

Vault maps used:
D:1:      onia_arrival_mini_maze, serial_park_tiny_pond
D:2:      evilmike_ruin_ashenzari, uniq_sigmund

Skill      XL: |  1 |
---------------+----+-----
Earth Magic    | 4 |  4.5
Dodging        | |  1.5
Stealth        | |  2.1
Spellcasting   | |  2.8
Conjurations   | |  0.4
Transmutations | |  0.7

Action                   || total
-------------------------++-------
Melee: Club              ||    13
       Whip              ||    10
 Cast: Sandblast         ||    49
  Use: Scroll            ||     2
       Potion            ||     1
 Stab: Sleeping          ||     3
  Eat: Chunk             ||     1
Armor: Robe              ||    15
Dodge: Dodged            ||    37

Table legend:
 A = Non-vault XP
 B = Vault XP
 C = Vault XP percentage of total XP
 D = Non-vault monster count
 E = Vault monster count
 F = Vault count percentage of total count
                 A         B        C        D         E       F
            +---------+---------+-------+---------+---------+-------
      Total |      54 |       1 |   1.8 |      31 |       1 |   3.1
            +---------+---------+-------+---------+---------+-------
        D:1 |      45 |       1 |   2.2 |      25 |       1 |   3.8
        D:2 |       9 |       0 |   0.0 |       6 |       0 |   0.0
            +---------+---------+-------+---------+---------+-------
